 Dungeon Crawl Stone Soup version 0.31-a0-210-gccc998df9b (webtiles) character file.

Game seed: 10653487872286351377

1145 123456 the Fighter (level 8, -9/74 HPs)
             Began as a Minotaur Fighter on June 28, 2023.
             Mangled by a gnoll sergeant
             ... wielding a +1 trident of venom
              (10 damage)
             ... on level 5 of the Dungeon on June 29, 2023.
             The game lasted 00:10:29 (3845 turns).

123456 the Fighter (Minotaur Fighter)               Turns: 3845, Time: 00:10:33

Health: -9/74      AC: 12    Str: 22    XL:     8   Next: 15%
Magic:  7/7        EV:  9    Int:  5    God:
Gold:   413        SH:  4    Dex: 11    Spells: 7/7 levels left

rFire   . . .        s - +1 mace (drain)
rCold   . . .        c - +0 buckler
rNeg    . . .        m - +0 chain mail
rPois   +            (helmet restricted)
rElec   .            n - +0 cloak
rCorr   .            x - +0 pair of gloves
SInv    .            (no boots)
Will    .....        (no amulet) Stlth
                     y - ring of poison resistance
HPRegen 0.32/turn    (no ring)
MPRegen 0.10/turn

%: no passive effects
@: lethally poisoned (-9 -> -13)
A: horns 2, retaliatory headbutt
a: no special abilities


You were on level 5 of the Dungeon.
You visited 1 branch of the dungeon, and saw 5 of its levels.
You also visited: Sewer.

You collected 413 gold pieces.

Inventory:

Hand Weapons
 a - a +0 flail
 s - a +1 mace of draining (weapon)
 t - a +3 whip
Armour
 c - a +0 buckler (worn)
 m - a +0 chain mail (worn)
 n - a +0 cloak (worn)
 x - a +0 pair of gloves (worn)
Jewellery
 y - a ring of poison resistance (left hand)
 z - an amulet of regeneration
Wands
 o - a wand of light (20)
 A - a wand of polymorph (3)
Scrolls
 f - 3 scrolls of amnesia
 h - 2 scrolls of enchant armour
 j - 6 scrolls of fear
 l - 2 scrolls of poison
 p - a scroll of revelation {unknown}
 q - a scroll of brand weapon {unknown}
 r - a scroll of silence {unknown}
 u - a scroll of blinking {unknown}
 v - a scroll of acquirement {unknown}
 w - a scroll of noise {unknown}
 B - 3 scrolls of teleportation
Potions
 b - a potion of resistance
 d - 2 potions of might
 e - 4 potions of enlightenment
 i - 2 potions of haste


   Skills:
 * Level 8.3 Fighting
 * Level 7.7 Maces & Flails
 - Level 5.0 Armour
 - Level 3.0 Dodging
 - Level 3.6 Shields


You had 7 spell levels left.
You didn't know any spells.
Your spell library contained the following spells:

 Spells                   Type           Power      Damage    Failure   Level
 Blink                    Tloc           0%         N/A       99%         2
 Static Discharge         Conj/Air       0%         2-2/arc   99%         2
 Airstrike                Air            0%         2d(0-16)  100%        4
 Manifold Assault         Tloc           0%         N/A       100%        4
 Summon Lightning Spire   Summ/Air       0%         N/A       100%        4
 Storm Form               Tmut/Air       0%         N/A       100%        7


Dungeon Overview and Level Annotations

Branches:
Dungeon (5/15)              Sewer (visited)
 Temple: D:4-7

Altars:
Cheibriados
Dithmenos
Okawaru
Zin

Annotations:
D:5 1 transporter


Innate Abilities, Weirdness & Mutations

You have a pair of horns on your head.
You reflexively headbutt those who attack you in melee.


Message History

You headbutt the gnoll sergeant, but do no damage.
The gnoll sergeant is almost dead.
You feel sick.
The gnoll sergeant hits you but does no damage.
You block the gnoll's attack.
The gnoll sergeant hits you from afar with a +1 trident of venom.
You are more poisoned.
You hit the gnoll sergeant.
You kill the gnoll sergeant!
You feel very sick. The gnoll sergeant closely misses you.
The gnoll hits you from afar with a +1 vampiric halberd.
Unknown command.
Okay, then.
There are monsters nearby!
There are monsters nearby!
You feel very sick. The gnoll hits you but does no damage.
You closely miss the gnoll.
You feel sick.
The gnoll sergeant hits you but does no damage.
The gnoll hits you with a +1 vampiric halberd!
* * * LOW HITPOINT WARNING * * *
It was a potion of haste.
You feel yourself speed up.
* * * LOW HITPOINT WARNING * * *
You feel sick. You block the gnoll sergeant's attack.
The gnoll closely misses you.
It was a potion of brilliance.
You feel clever all of a sudden.
* * * LOW HITPOINT WARNING * * *
You feel sick. The gnoll sergeant barely misses you.
The gnoll hits you with a +1 vampiric halberd.
* * * LOW HITPOINT WARNING * * *
It was a potion of cancellation.
Your magical effects are unravelling.
You feel magically purged.
You feel yourself slow down.
You feel a little less clever now.
* * * LOW HITPOINT WARNING * * *
You feel sick.
The gnoll sergeant hits you from afar with a +1 trident of venom!
You die...

.........................#
≈≈≈≈≈≈...≈≈≈≈≈≈≈≈≈≈≈...#.###
≈≈≈≈≈≈...≈≈≈≈≈≈≈≈≈≈≈..##....
##...........#####≈≈.###.###
.#.###.©.###.#.8.#≈≈.....###
# #©#####.###...#≈≈.###....
..........###≈≈.# #####
##+###g##.#8.≈≈.# #
#8.P#P@P#.##.≈≈.# +$
#⌠©.)..)'..#.~~.# #$.
#8.P#Pg.#.##.≈≈.# ≈≈.
#.######'###'##.#8.≈≈.#
≈≈###...........[...###≈≈.#
≈≈#...###.#####.###...#≈≈.#
≈≈#.8g#.###.©.###.#.8.#≈≈.#
≈≈#####...........#####≈≈†#
≈≈≈≈≈≈≈≈≈≈≈≈~≈≈≈≈≈≈≈≈≈≈≈≈.#


You could see a gnoll sergeant and a gnoll.

Vanquished Creatures
  3 black bears (D:4)
  A phantom (D:5)
  2 scorpions
  A gnoll sergeant (D:5)
  3 hounds
  3 orc priests
  A sleepcap (D:5)
  2 iguanas (D:5)
  13 gnolls
  6 adders
  4 river rats (Sewer)
  A white imp (D:5)
  5 worms
  A dart slug (D:1)
  20 orcs
  15 ball pythons
  12 bats
  5 endoplasms
  3 giant cockroaches
  5 goblins
  3 hobgoblins
  8 jackals
  4 kobolds
  8 quokkas
  8 frilled lizards
  5 rats
142 creatures vanquished.

Notes
Turn   | Place    | Note
-------+----------+-------------------------------------------
     0 | D:1      | 123456 the Minotaur Fighter began the quest for the Orb.
     0 | D:1      | Reached XP level 1. HP: 19/19 MP: 0/0
    23 | D:1      | Reached XP level 2. HP: 25/27 MP: 1/1
   323 | D:1      | Reached skill level 4 in Fighting
   518 | D:2      | Reached skill level 1 in Dodging
   518 | D:2      | Reached XP level 3. HP: 31/31 MP: 2/2
   535 | D:2      | Upgraded the game from 0.31-a0-208-gdb31a4691d to
                  | 0.31-a0-210-gccc998df9b
   693 | D:2      | Found a faded altar of an unknown god.
   971 | D:3      | Reached XP level 4. HP: 29/41 MP: 3/3
  1281 | D:3      | Found a glowing drain.
  1286 | Sewer    | Entered a sewer
  1459 | Sewer    | Reached XP level 5. HP: 26/47 MP: 4/4
  1557 | Sewer    | Reached skill level 5 in Fighting
  2450 | D:3      | Found a glowing silver altar of Zin.
  2461 | D:3      | Reached XP level 6. HP: 53/56 MP: 5/5
  2536 | D:3      | Found a snail-covered altar of Cheibriados.
  2804 | D:4      | Reached skill level 5 in Maces & Flails
  2804 | D:4      | Reached skill level 5 in Armour
  2819 | D:4      | Reached skill level 6 in Fighting
  2940 | D:4      | Reached XP level 7. HP: 58/64 MP: 6/6
  3257 | D:4      | You fall into a shaft and drop 1 floor!
  3257 | D:5      | Entered Level 5 of the Dungeon
  3272 | D:5      | Reached skill level 7 in Fighting
  3514 | D:5      | Found an iron altar of Okawaru.
  3534 | D:5      | Found a shadowy altar of Dithmenos.
  3676 | D:5      | Reached XP level 8. HP: 74/74 MP: 7/7
  3708 | D:5      | Identified the +9 trident "Jyhob" {venom, rF+ Int+2}
  3718 | D:5      | Reached skill level 8 in Fighting
  3815 | D:5      | Found a transporter.
  3827 | D:5      | Found a transporter.
  3844 | D:5      | HP: 2/74 [gnoll/+1 vampiric halberd (3)]
  3845 | D:5      | Mangled by a gnoll sergeant

Illustrated notes

Levels and vault maps discovered:
D:1:      psy_arrival_whirlpool, layout_rooms, chequers_serial_rivers_small_a
D:2:      layout_rooms, nicolae_ecumenical_lake_church
D:3:      layout_rooms, amcnicky_altar_gilded, lemuel_coloured_pillars_altar,
          portal_sewer_entry_e
D:4:      black_bear_nest_2, layout_rooms
D:5:      layout_loops_ring, nicolae_hepliaklqana_hazy_memory,
          mainiacjoe_overflow_catwalk_spiral, gammafunk_ghost_gnarly_gnolls,
          minmay_bent

Skill      XL: |  1  2  3  4  5  6  7  8 |
---------------+-------------------------+-----
Fighting       | 4 5 6 7 8 |  8.3
Maces & Flails | 3 4 5 7 |  7.7
Dodging        | 1 2 3 |  3.0
Armour         | 4 5 |  5.0
Shields        | |  3.6

Action                     |  1- 3 |  4- 6 |  7- 9 || total
---------------------------+-------+-------+-------++-------
  Melee: Flail             |    84 |   163 |       ||   247
         Headbutt          |    12 |    24 |    15 ||    51
         Mace              |       |    53 |    72 ||   125
    Use: Scroll            |     1 |     6 |       ||     7
         Potion            |       |       |     3 ||     3
 Armour: Scale mail        |    31 |       |       ||    31
         Chain mail        |    19 |   190 |    43 ||   252
  Dodge: Dodged            |    53 |   145 |    38 ||   236
  Block: Buckler           |    17 |    73 |    24 ||   114

Table legend: (Time is in decaauts)
 A = Elapsed time spent in this place.
 B = Non-inter-level travel time spent in this place.
 C = Inter-level travel time spent in this place.
 D = Time resting spent in this place.
 E = Time spent auto-exploring this place.
 F = Levels seen in this place.
 G = Mean time per level.
                   A        B        C        D        E       F      G
               +--------+--------+--------+--------+--------+-----+--------+
         Total |   4096 |   3840 |    256 |    107 |   2721 |   6 |  682.7 |
       Dungeon |   2996 |   2740 |    256 |    107 |   1932 |   5 |  599.2 |
         Sewer |   1099 |   1099 |      0 |      0 |    788 |   1 | 1099.0 |
               +--------+--------+--------+--------+--------+-----+--------+

Top non-repeatable levels by time:
   Sewer: 1099 daAuts
     D:3: 911 daAuts
     D:4: 660 daAuts
     D:2: 582 daAuts
     D:1: 443 daAuts
     D:5: 399 daAuts
